AoeStats
← Sr Cid

Hideout

507688642Analyzed
1v1 RM · 12d ago on Sep 19, 2026· 16m 32s· 2 players
Game mode
Random Map
Map size
Tiny (2 player)
Population
200
Speed
Normal
Resources
Standard
Victory
Conquest
Starting age
Dark Age
Ending age
Imperial Age
RankedLock teamsTeams togetherTeam positionsShared explorationLock speedFull tech treeHidden civsTurbo modeCheats
Victory
Defeat
🇹🇼 Wu · Taiwan
958
+15
🇪🇸 Gurjaras · Spain
943
-15
Sr Cid
10:54 Feudal Age
11:27 Double-Bit Axe
11:15 Man-at-Arms
Bobo Yuan
6:24 Loom
9:59 Feudal Age
10:14 Man-at-Arms
13:19 Loom
14:06 Double-Bit Axe
14:18 Gold Mining
16:41 Horse Collar
Connection lost

Rejoining the realm…

Still unreachable

The connection could not be restored.

Session expired

The server has moved on; the page needs a fresh start.